Map: [ESL] Tropical Sacrifice

Players

Nina - Winner!

  • Race: Protoss Protoss
  • Spawn Location: 7:00

Namshar

  • Race: Zerg Zerg
  • Spawn Location: 1:00

Event: DreamHack SC2 Masters 2022 Atlanta (Online)

VOD

Have the link to the VOD?

Description

Time

  • Played on: Oct. 13, 2022, 4:37 p.m.
  • Length: 18:46

All games in this series

Show
View Real Time Build Order
Export as new Build Order

Nina Protoss - Winner!

Build Orders: 1 Gate Expand, Oracle Opening, Carriers 

Get SALT Encoding   

  12  0:00  Probe  
  13  0:12  Probe  
  14  0:19  Pylon  
  14  0:24  Probe  
  15  0:37  Probe (Chrono Boost)  
  15  0:40  Gateway  
  16  0:47  Probe (Chrono Boost)  
  17  0:51  Assimilator  
  17  0:52  Probe (Chrono Boost)  
  18  1:04  Probe  
  19  1:16  Probe  
  20  1:26  Nexus  
  20  1:36  Cybernetics Core  
  20  1:39  Probe  
  21  1:47  Assimilator  
  21  1:52  Probe  
  22  1:54  Pylon  
  22  2:04  Probe (Chrono Boost)  
  23  2:14  Adept  
  25  2:16  Probe (Chrono Boost)  
  26  2:23  Stargate  
  26  2:25  Probe (Chrono Boost)  
  27  2:31  Probe (Chrono Boost)  
  27  2:32  Warp Gate  
  28  2:38  Probe (Chrono Boost)  
  28  2:43  Probe (Chrono Boost)  
  28  2:44  Adept  
  32  2:47  Probe (Chrono Boost)  
  32  2:49  Probe (Chrono Boost)  
  34  2:52  Probe (Chrono Boost)  
  34  2:57  Probe  
  36  3:04  Probe  
  36  3:05  Oracle (Chrono Boost)  
  37  3:09  Probe  
  41  3:16  Probe  
  42  3:21  Probe  
  42  3:23  Pylon  
  43  3:29  Probe  
  43  3:33  Probe  
  45  3:34  Nexus  
  45  3:39  Oracle (Chrono Boost)  
  45  3:41  Probe  
  46  3:45  Probe  
  48  3:51  Gateway  
  48  3:53  Probe  
  49  3:57  Pylon  
  49  3:59  Probe  
  50  4:06  Probe  
  50  4:08  Assimilator  
  50  4:09  Assimilator  
  51  4:10  Twilight Council  
  51  4:13  Probe (Chrono Boost)  
  52  4:18  Oracle, Probe (Chrono Boost)  
  57  4:24  Forge  
  57  4:28  Probe x2 (Chrono Boost)  
  58  4:31  Stalker  
  58  4:34  Probe, Pylon  
  58  4:35  Probe  
  62  4:42  Pylon  
  62  4:46  Probe (Chrono Boost)  
  62  4:48  Stalker  
  62  4:51  Probe x2 (Chrono Boost)  
  67  4:56  Stalker  
  67  4:58  Probe (Chrono Boost)  
  70  5:01  Protoss Ground Weapons Level 1 (Chrono Boost), Blink  
  70  5:06  Probe (Chrono Boost)  
  73  5:07  Probe x2 (Chrono Boost)  
  73  5:09  Pylon  
  73  5:13  Probe  
  73  5:14  Probe  
  75  5:16  Gateway  
  75  5:17  Probe  
  76  5:22  Stalker  
  76  5:25  Probe, Stalker  
  76  5:26  Probe  
  82  5:29  Probe  
  83  5:35  Gateway  
  83  5:38  Gateway  
  83  5:39  Probe  
  83  5:40  Probe  
  83  5:41  Gateway  
  85  5:46  Gateway  
  85  5:48  Probe  
  86  6:01  Stalker x2  
  86  6:03  Probe (Chrono Boost)  
  91  6:05  Nexus  
  91  6:13  Probe (Chrono Boost)  
  91  6:14  Pylon  
  91  6:15  Assimilator  
  91  6:16  Assimilator  
  91  6:17  Photon Cannon, Pylon  
  93  6:20  Probe (Chrono Boost)  
  93  6:22  Probe (Chrono Boost)  
  93  6:23  Probe (Chrono Boost)  
  93  6:24  Pylon  
  95  6:29  Templar Archives  
  95  6:32  Photon Cannon  
  95  6:35  Pylon  
  95  6:36  Stalker  
  95  6:37  Stalker x2  
  95  6:38  Probe  
  95  6:39  Probe  
  103  6:40  Probe  
  103  6:42  Stalker  
  106  6:47  Stalker  
  106  6:50  Probe  
  106  6:51  Shield Battery  
  106  6:52  Probe  
  106  6:53  Stalker  
  112  7:00  Stalker x3  
  118  7:04  Protoss Ground Weapons Level 2  
  118  7:09  Probe  
  118  7:10  Psionic Storm  
  118  7:13  Photon Cannon  
  117  7:21  High Templar x3  
  117  7:22  Probe  
  124  7:23  Probe x2  
  124  7:24  Probe  
  127  7:33  Gateway x2  
  127  7:34  Probe  
  127  7:35  Probe x2, Pylon  
  130  7:50  Probe x2  
  132  7:54  Charge, Probe  
  132  7:57  Gateway  
  133  7:59  Robotics Facility, Probe, Photon Cannon  
  133  8:00  Nexus, Assimilator x2, High Templar  
  133  8:02  Shield Battery, Pylon  
  133  8:03  Pylon  
  136  8:07  High Templar  
  136  8:08  Probe  
  136  8:09  Shield Battery  
  136  8:11  Probe  
  139  8:21  Stalker x5  
  145  8:30  Phoenix  
  145  8:32  Stalker x3  
  143  8:41  Stargate  
  143  8:42  Stargate  
  143  8:48  Stalker x3  
  146  8:55  Phoenix  
  146  8:58  Pylon  
  146  9:00  Photon Cannon  
  146  9:01  Probe  
  146  9:02  Photon Cannon  
  149  9:03  Shield Battery  
  149  9:09  High Templar  
  151  9:11  Stalker x2  
  151  9:13  Photon Cannon  
  151  9:15  Pylon  
  155  9:17  Photon Cannon  
  155  9:20  Observer (Chrono Boost), Photon Cannon  
  155  9:21  Phoenix (Chrono Boost)  
  155  9:24  Shield Battery, Protoss Air Weapons Level 1 (Chrono Boost)  
  158  9:26  Phoenix (Chrono Boost)  
  160  9:35  Phoenix (Chrono Boost), Pylon  
  159  9:38  Pylon  
  147  9:48  Probe  
  147  9:49  Phoenix x2 (Chrono Boost)  
  149  9:57  Stalker x4  
  149  9:59  Stalker x2  
  156  10:02  Probe  
  156  10:03  Phoenix  
  156  10:04  Probe  
  160  10:10  Probe  
  160  10:13  Phoenix  
  163  10:20  Probe  
  164  10:28  Fleet Beacon  
  165  10:29  Photon Cannon  
  165  10:32  Nexus  
  164  10:36  Protoss Ground Weapons Level 3 (Chrono Boost)  
  164  10:37  Probe x2 (Chrono Boost)  
  168  10:43  Probe x2 (Chrono Boost)  
  168  10:47  Probe (Chrono Boost)  
  168  10:48  Probe (Chrono Boost)  
  170  10:51  High Templar  
  170  10:52  High Templar, Pylon  
  170  10:53  Probe  
  170  10:54  Pylon  
  175  10:57  Probe  
  175  11:00  Photon Cannon  
  176  11:06  Pylon  
  176  11:10  Shield Battery, Photon Cannon  
  176  11:13  Photon Cannon  
  176  11:15  Photon Cannon  
  176  11:18  Anion Pulse-Crystals  
  176  11:24  High Templar x2  
  180  11:25  Warp Prism (Chrono Boost)  
  180  11:27  Protoss Air Weapons Level 2 (Chrono Boost)  
  180  11:30  Archon  
  182  11:35  Photon Cannon  
  182  11:41  Pylon  
  182  11:45  High Templar x2  
  186  11:47  Probe  
  186  11:49  Assimilator  
  176  11:54  Assimilator  
  176  11:58  Zealot x4  
  177  12:02  Probe  
  177  12:05  Probe x4  
  168  12:10  Nexus  
  168  12:11  Pylon  
  168  12:14  Probe, Pylon  
  159  12:22  Probe x2 (Chrono Boost)  
  161  12:24  Zealot x2, Probe (Chrono Boost)  
  161  12:25  Probe (Chrono Boost)  
  161  12:26  Probe (Chrono Boost)  
  166  12:33  Probe (Chrono Boost)  
  166  12:34  Probe (Chrono Boost)  
  166  12:36  High Templar x3  
  175  12:37  Probe (Chrono Boost), High Templar x3  
  163  12:55  Carrier x2 (Chrono Boost)  
  171  13:09  Carrier (Chrono Boost)  
  171  13:11  Probe  
  167  13:25  Archon x2  
  153  13:29  Zealot x6  
  153  13:34  Zealot x3  
  128  13:45  Zealot  
  128  13:52  Zealot x3  
  140  13:59  Probe (Chrono Boost)  
  140  14:00  Carrier (Chrono Boost), Probe x2 (Chrono Boost)  
  140  14:01  Probe (Chrono Boost)  
  146  14:05  Probe x2 (Chrono Boost), High Templar  
  146  14:06  High Templar  
  153  14:10  Probe x3 (Chrono Boost)  
  153  14:12  Probe (Chrono Boost), High Templar  
  153  14:13  High Templar x2  
  153  14:14  High Templar  
  153  14:15  Probe (Chrono Boost)  
  153  14:16  Probe (Chrono Boost)  
  153  14:17  Probe x2 (Chrono Boost)  
  165  14:18  Archon  
  165  14:19  Archon, Probe (Chrono Boost)  
  165  14:20  Probe (Chrono Boost)  
  165  14:24  Probe (Chrono Boost)  
  161  14:28  Probe (Chrono Boost), High Templar  
  161  14:29  High Templar  
  170  14:31  Observer (Chrono Boost)  
  170  14:32  Probe (Chrono Boost)  
  170  14:33  Probe (Chrono Boost)  
  170  14:34  Probe (Chrono Boost)  
  170  14:35  Probe x2 (Chrono Boost)  
  170  14:36  Probe (Chrono Boost)  
  173  14:40  Zealot x3  
  173  14:41  Probe  
  176  14:47  Probe  
  176  14:50  Stalker  
  176  14:51  Stalker x2  
  178  14:57  High Templar  
  178  14:58  High Templar  
  178  14:59  Probe  
  179  15:00  Probe  
  179  15:02  Pylon  
  179  15:05  Pylon  
  179  15:06  Shield Battery  
  178  15:08  Probe  
  178  15:11  Probe  
  187  15:18  Observer  
  187  15:20  High Templar x2  
  187  15:21  Carrier (Chrono Boost)  
  191  15:23  Photon Cannon  
  189  15:28  Carrier (Chrono Boost)  
  189  15:29  Shield Battery  
  189  15:30  Photon Cannon  
  195  15:38  Zealot x2  
  195  15:40  Assimilator  
  199  15:45  Assimilator  
  199  15:49  Photon Cannon  
  199  15:53  Photon Cannon  
  199  15:56  Photon Cannon x2  
  199  16:01  Pylon  
  199  16:04  Photon Cannon  
  173  16:20  Stalker x9  
  185  16:29  Carrier (Chrono Boost)  
  183  16:51  Carrier (Chrono Boost)  
  163  16:57  Carrier (Chrono Boost)  
  155  17:02  High Templar x2  
  155  17:03  High Templar  
  155  17:04  Zealot x3  
  155  17:05  Zealot  
  169  17:11  Zealot x2  
  173  17:19  Carrier (Chrono Boost)  
  179  17:23  High Templar  
  179  17:25  High Templar  
  183  17:32  Zealot x4  
  197  17:40  High Templar  
  197  17:42  Carrier (Chrono Boost)  
  199  17:58  Nexus, Pylon  
  199  18:00  Nexus  
  199  18:04  Pylon  
  199  18:06  Observer (Chrono Boost)  
  194  18:16  Zealot x5, Archon  
  195  18:23  Zealot x3  
  195  18:24  Zealot  
Show
View Real Time Build Order
Export as new Build Order

Namshar Zerg 

Build Orders: Hatch First 

Get SALT Encoding   

  12  0:00  Drone  
  13  0:12  Overlord  
  13  0:17  Drone  
  14  0:31  Drone x2  
  16  0:48  Hatchery  
  15  0:52  Drone  
  15  0:55  Drone  
  17  0:58  Drone  
  18  1:10  Extractor  
  17  1:15  Spawning Pool  
  16  1:19  Drone  
  16  1:21  Drone  
  18  1:28  Drone  
  19  1:39  Drone  
  20  1:50  Drone  
  21  2:02  Queen x2  
  21  2:03  Zergling x2  
  21  2:04  Overlord  
  26  2:11  Drone x2  
  26  2:14  Metabolic Boost  
  28  2:22  Drone x2  
  30  2:33  Drone x2  
  32  2:40  Hatchery  
  32  2:43  Drone  
  32  2:46  Overlord  
  32  2:54  Drone x2  
  32  2:56  Queen  
  36  3:07  Drone x2  
  36  3:11  Drone x3  
  36  3:12  Queen  
  43  3:17  Overlord  
  43  3:19  Drone  
  44  3:26  Overlord  
  44  3:35  Queen  
  46  3:45  Drone x8  
  46  3:48  Spore Crawler  
  53  3:52  Spore Crawler  
  52  3:57  Drone x2  
  54  4:06  Drone x5  
  54  4:09  Drone  
  58  4:15  Drone x2  
  60  4:18  Roach Warren  
  60  4:22  Spore Crawler, Drone x4  
  62  4:28  Extractor, Overlord  
  62  4:29  Extractor  
  62  4:30  Drone  
  61  4:36  Queen  
  61  4:37  Overlord  
  63  4:39  Drone x2  
  63  4:40  Drone, Extractor  
  63  4:45  Drone x3  
  63  4:47  Drone  
  63  4:48  Drone  
  63  4:52  Drone  
  67  4:55  Drone x4  
  67  4:56  Drone  
  71  5:00  Extractor  
  71  5:02  Extractor  
  71  5:03  Lair  
  71  5:05  Drone x2  
  71  5:09  Drone x2  
  71  5:10  Drone  
  71  5:11  Drone  
  76  5:14  Drone x2  
  76  5:17  Drone  
  76  5:20  Drone x2, Evolution Chamber  
  79  5:24  Overlord  
  79  5:31  Hatchery  
  79  5:33  Drone  
  79  5:40  Drone  
  79  5:42  Overlord x4  
  80  5:46  Zerg Melee Weapons Level 1  
  80  5:48  Zergling x2  
  80  5:49  Zergling x4  
  83  6:01  Hatchery  
  83  6:03  Glial Reconstitution  
  83  6:04  Spire  
  82  6:05  Drone  
  82  6:06  Baneling Nest  
  82  6:07  Queen  
  82  6:11  Overlord x3  
  84  6:16  Drone  
  84  6:17  Drone  
  86  6:23  Drone  
  86  6:24  Overlord x2  
  88  6:25  Zergling x6  
  88  6:26  Zergling x6  
  88  6:29  Extractor  
  88  6:31  Extractor  
  91  6:33  Drone x3  
  91  6:34  Drone x3  
  97  6:41  Drone x2  
  97  6:44  Drone  
  100  6:51  Centrifugal Hooks  
  100  6:52  Zergling x4  
  100  6:53  Zergling x12, Spore Crawler  
  107  6:59  Overlord  
  107  7:05  Zergling x4  
  107  7:07  Queen  
  110  7:20  Zerg Flyer Weapons Level 1  
  110  7:29  Mutalisk x13  
  134  7:42  Mutalisk x6  
  140  7:49  Mutalisk x2  
  143  7:57  Zerg Melee Weapons Level 2  
  144  7:58  Zergling x16  
  151  8:17  Zergling x2, Hatchery  
  151  8:18  Zergling x18  
  151  8:19  Extractor  
  157  8:20  Extractor  
  157  8:25  Mutalisk x3  
  162  8:28  Mutalisk x2  
  162  8:35  Zergling x2  
  162  8:36  Zergling x12  
  163  8:44  Mutalisk x4  
  163  8:51  Drone x2  
  163  8:56  Mutalisk x4  
  163  9:00  Drone  
  163  9:01  Overlord x2  
  168  9:16  Overlord x2  
  168  9:17  Zerg Flyer Weapons Level 2  
  168  9:21  Drone  
  168  9:22  Drone x9  
  178  9:26  Drone x4  
  182  9:41  Mutalisk x6  
  190  9:47  Drone  
  190  9:48  Drone  
  190  9:49  Infestation Pit  
  190  9:51  Hydralisk Den  
  165  10:13  Zerg Missile Weapons Level 1  
  160  10:22  Grooved Spines  
  160  10:25  Hydralisk x15  
  160  10:26  Hydralisk x3  
  196  10:38  Hive  
  196  10:57  Drone, Evolution Chamber  
  196  10:59  Drone  
  196  11:00  Spire  
  196  11:02  Baneling x9  
  196  11:05  Hatchery  
  195  11:22  Hatchery  
  195  11:24  Zerg Ground Armor Level 1  
  194  11:27  Spore Crawler  
  194  11:28  Overlord x2  
  193  11:33  Muscular Augments  
  193  11:36  Overseer, Pneumatized Carapace  
  193  11:41  Zergling x4, Hydralisk  
  197  11:59  Hydralisk x2  
  197  12:00  Zergling x8  
  189  12:13  Hydralisk  
  189  12:14  Zergling x2, Hydralisk x4  
  189  12:15  Zergling x40  
  194  12:19  Zergling x4, Hydralisk  
  194  12:20  Zergling x24  
  188  12:24  Baneling x4  
  188  12:28  Baneling x4  
  188  12:29  Zerg Melee Weapons Level 3  
  188  12:31  Hydralisk x3  
  188  12:32  Zergling x10  
  188  12:34  Baneling x10  
  199  12:43  Baneling x4  
  193  12:47  Hydralisk  
  193  12:48  Zergling x18  
  184  12:55  Hydralisk x3  
  184  12:56  Zergling x16  
  194  13:06  Zergling x2, Hydralisk  
  194  13:07  Zergling x8  
  195  13:13  Baneling x7  
  195  13:16  Hydralisk  
  195  13:17  Zergling x8  
  195  13:19  Hydralisk  
  184  13:20  Zergling x2  
  184  13:25  Baneling x4, Hydralisk  
  184  13:26  Zergling x2  
  175  13:29  Zergling x2, Hydralisk  
  175  13:30  Zergling x4  
  175  13:33  Hydralisk  
  171  13:34  Zergling x8  
  160  13:42  Zergling x2, Hydralisk  
  160  13:43  Zergling x10  
  160  13:46  Baneling x4  
  154  13:56  Zerg Missile Weapons Level 2  
  154  14:01  Baneling x7  
  154  14:02  Baneling x10  
  154  14:16  Hydralisk  
  153  14:17  Zergling x28  
  169  14:28  Greater Spire  
  169  14:29  Drone  
  169  14:31  Spire  
  169  14:32  Queen x2  
  173  14:38  Hydralisk  
  173  14:39  Zergling x12  
  171  14:59  Hydralisk  
  166  15:00  Zergling x24  
  166  15:06  Viper x3  
  185  15:08  Zerg Ground Armor Level 2  
  188  15:17  Corruptor x2  
  188  15:18  Corruptor x3  
  181  15:28  Baneling x11  
  181  15:29  Zergling x2, Baneling x4, Hydralisk  
  181  15:31  Baneling x2  
  181  15:32  Baneling x2  
  180  15:50  Zerg Flyer Weapons Level 3, Zerg Flyer Armor Level 1  
  180  15:59  Corruptor x6  
  180  16:03  Baneling x8  
  167  16:19  Hydralisk  
  167  16:20  Zergling x28  
  167  16:21  Zergling x4  
  179  16:32  Hydralisk x6  
  175  16:35  Viper  
  175  16:36  Viper  
  175  16:39  Hydralisk  
  166  16:40  Zergling x4  
  161  16:47  Hydralisk  
  161  16:48  Zergling x8  
  156  16:54  Hydralisk  
  156  16:55  Zergling x6  
  156  16:58  Hydralisk  
  156  16:59  Hydralisk  
  149  17:14  Hatchery  
  146  17:23  Baneling  
  146  17:24  Baneling x11  
  146  17:29  Hydralisk x6  
  158  17:49  Drone, Lurker Den  
  158  17:53  Corruptor x3  
  164  18:01  Corruptor x2  
  169  18:28  Hatchery  
Tags
 
Add a new tag
Caveats
  • Supply blocks, unpowered buildings, or Contaminate may cause inaccurate times.
  • Supply counts are checked every 10 seconds.